 Dungeon Crawl Stone Soup version 0.24-a0-271-ga0fc33f (webtiles) character file.

Game seed: 2613292131518010709

2040 Laiders72 the Slinger (level 9, 0/61 HPs)
             Began as a Halfling Hunter on Apr 23, 2019.
             Killed from afar by a steam dragon (19 damage)
             ... with a ball of steam
             ... on level 7 of the Dungeon on Apr 24, 2019.
             The game lasted 00:29:33 (6490 turns).

Laiders72 the Slinger (Halfling Hunter)             Turns: 6490, Time: 00:29:34

Health: 0/61       AC:  7    Str: 13    XL:     9   Next: 48%
Magic:  9/9        EV: 28    Int:  9    God:
Gold:   373        SH:  0    Dex: 23    Spells: 8/8 levels left

rFire    . . .     SeeInvis .   a - +1 hunting sling
rCold    . . .     Gourm    .   (shield restricted)
rNeg     + . .     Faith    .   A - +1 leather armour {rPois}
rPois    +         Spirit   .   n - +0 helmet
rElec    .         Reflect  .   y - +1 cloak
rCorr    .         Harm     .   (no gloves)
MR       .....                  (no boots)
Stlth    +++++.....             (no amulet)
HPRegen  0.20/turn              p - ring of positive energy
MPRegen  0.11/turn              C - +4 ring of evasion

@: agile, marked
A: small, mutation resistance 1
a: no special abilities


You were on level 7 of the Dungeon.
You were hungry.

You visited 1 branch of the dungeon, and saw 7 of its levels.

You collected 373 gold pieces.

Inventory:

Hand Weapons
 a - a +1 hunting sling (weapon)
 b - a +0 dagger of venom
Missiles
 d - 18 sling bullets
 e - 165 stones (quivered)
Armour
 n - a +0 helmet (worn)
 y - a +1 cloak (worn)
 A - a +1 leather armour of poison resistance (worn)
Jewellery
 p - a ring of positive energy (left hand)
 t - a +3 ring of strength
 C - a +4 ring of evasion (right hand)
 F - an uncursed ring of wizardry
Wands
 g - a wand of disintegration (10)
 E - a wand of flame (23)
Scrolls
 c - a scroll of amnesia
 o - a scroll of blinking {unknown}
 q - a scroll of fear {unknown}
 s - a scroll of enchant armour
 u - 2 scrolls of teleportation
 v - a scroll of magic mapping {unknown}
 x - a scroll of noise {unknown}
 G - a scroll of identify
Potions
 h - 3 potions of curing
 i - a potion of might
 j - 3 potions of brilliance {unknown}
 k - 3 potions of agility
 m - 4 potions of heal wounds
 r - 2 potions of invisibility {unknown}
 z - 3 potions of haste {unknown}
 B - a potion of resistance {unknown}
 D - a potion of flight {unknown}
Comestibles
 f - 17 rations


   Skills:
 + Level 5.1 Fighting
 * Level 11.9 Slings
 + Level 6.1 Dodging
 + Level 6.3 Stealth


You had 8 spell levels left.
You didn't know any spells.
Your spell library was empty.

Dungeon Overview and Level Annotations

Branches:
Dungeon (7/15)
 Temple: D:4-7

Altars:
Cheibriados
Kikubaaqudgha
Makhleb
Qazlal
Ru
Sif Muna
Trog


Innate Abilities, Weirdness & Mutations

You are small and have problems with some larger weapons.
You are somewhat resistant to further mutation.


Message History

Okay, then.
It was a potion of agility.
You feel agile all of a sudden.
You are engulfed in a cloud of scalding steam.
* * * LOW HITPOINT WARNING * * *
A killer bee and an orc come into view.
It was a potion of heal wounds.
You feel much better.
You are engulfed in a cloud of scalding steam.
Firing (i - inventory. (/) - cycle)
e - 166 stones (quivered)
Press: ? - help, Shift-Dir - straight line, f/p - steam dragon
Aim: a steam dragon (steam, almost dead)
You shoot a stone.
The stone hits the steam dragon but does no damage.
The steam dragon is almost dead.
You are engulfed in a cloud of scalding steam.
* * * LOW HITPOINT WARNING * * *
A killer bee comes into view.
The steam dragon breathes steam at you. The ball of steam hits you!!
You die...

#.#
#..######.###.##.#
⌠.⌠ #.#
#oy§D§§§(o..oo....
..( #.#
#y############...#
⌠.⌠ #.# #(# #...(
$.. #.# #o# #.###
. #.# #o# #.# .
#.# #.# #.# #.#
#D# #.# ##.# #@#
..# #..# #§# #.##
#.# ####.# #.#
.....# #.# ####.#
#.# # #.# #.# #
#.# #.# # #.# #.#
###


You could see a steam dragon, 2 killer bees, 2 orc priests and an orc.

Vanquished Creatures
  A hippogriff (D:7)
  A steam dragon (D:7)
  A sky beast (D:7)
  2 phantoms (D:6)
  2 black bears (D:6)
  2 ice beasts
  2 centaurs (D:6)
  An ogre (D:4)
  A bullfrog (D:6)
  A crimson imp (D:7)
  2 hounds
  A jelly (D:4)
  A centaur skeleton (D:5)
  2 iguanas
  Ijyb (D:4)
  3 orc wizards
  5 worker ants
  A worker ant zombie (D:7)
  A hound skeleton (D:5)
  Robin (D:2)
  16 adders
  A howler monkey skeleton (D:6)
  A river rat (D:5)
  2 oozes
  5 worms
  6 dart slugs
  3 leopard geckos
  16 orcs
  3 giant cockroaches
  17 goblins
  13 hobgoblins
  6 jackals
  4 quokkas
  3 ball pythons
  9 bats
  2 frilled lizards (D:1)
  20 kobolds
  A leopard gecko skeleton (D:6)
  10 rats
170 creatures vanquished.

Vanquished Creatures (others)
  An orc (D:7)
  4 toadstools (D:1)
5 creatures vanquished.

Grand Total: 175 creatures vanquished

Notes
Turn   | Place    | Note
-------+----------+-------------------------------------------
     0 | D:1      | Laiders72 the Halfling Hunter began the quest for the Orb.
     0 | D:1      | Reached XP level 1. HP: 14/14 MP: 1/1
    35 | D:1      | Reached skill level 6 in Slings
   131 | D:1      | Reached XP level 2. HP: 12/19 MP: 2/2
   517 | D:1      | Reached XP level 3. HP: 24/24 MP: 3/3
   968 | D:2      | Noticed Robin
  1010 | D:2      | Reached XP level 4. HP: 25/29 MP: 4/4
  1186 | D:2      | Killed Robin
  1199 | D:2      | Reached skill level 7 in Slings
  1362 | D:2      | Reached XP level 5. HP: 35/35 MP: 5/5
  2527 | D:3      | Reached XP level 6. HP: 41/41 MP: 6/6
  2537 | D:3      | Noticed a moth of wrath
  2540 | D:3      | Found a bloodstained altar of Trog.
  2667 | D:3      | Found a snail-covered altar of Cheibriados.
  2782 | D:4      | Reached skill level 8 in Slings
  2865 | D:4      | Noticed Ijyb
  2895 | D:4      | Killed Ijyb
  2996 | D:4      | Reached XP level 7. HP: 33/46 MP: 7/7
  3001 | D:4      | Found a stormy altar of Qazlal.
  3098 | D:4      | Found a deep blue altar of Sif Muna.
  3363 | D:4      | Found a burning altar of Makhleb.
  3408 | D:4      | Found an ancient bone altar of Kikubaaqudgha.
  3449 | D:5      | Entered Level 5 of the Dungeon
  3457 | D:5      | Found a sacrificial altar of Ru.
  3545 | D:5      | Reached skill level 9 in Slings
  3867 | D:5      | Got a translucent hat
  3868 | D:5      | Identified the cursed -3 hat of the Forgotten Wishes
                  | {rPois} (You found it on level 5 of the Dungeon)
  3935 | D:5      | Reached XP level 8. HP: 15/54 MP: 8/8
  4098 | D:5      | Found a glowing drain.
  4590 | D:6      | Reached skill level 10 in Slings
  4765 | D:6      | Reached skill level 5 in Stealth
  4896 | D:6      | Reached skill level 5 in Dodging
  5268 | D:6      | Reached XP level 9. HP: 47/59 MP: 9/9
  5351 | D:6      | Reached skill level 11 in Slings
  6383 | D:7      | Reached skill level 5 in Fighting
  6425 | D:7      | Noticed a hippogriff
  6444 | D:7      | Killed a hippogriff
  6490 | D:7      | Killed from afar by a steam dragon

Levels and vault maps discovered:
D:1:      ldierk_water_garden, layout_loops_cross, minmay_ruptured
D:2:      layout_loops_ring, grunt_ministairs_1, uniq_robin
D:3:      minmay_angry_zag, layout_loops_ring, cheibriados_altar_1, tgw_trog
D:4:      layout_cave_pools, overflow_temple_1_default,
          nicolae_overflow_hidden_temple, grunt_qazlal_clouds, uniq_ijyb
D:5:      layout_rooms, nicolae_ru_great_annihilating_truth, first_ration,
          portal_sewer_entry_a, columned_hall_lemuel
D:6:      layout_basic
D:7:      cheibrodos_steamvent, layout_loops_ring,
          minmay_temple_entry_from_below_b, kennysheep_generic_room_15

Skill      XL: |  1  2  3  4  5  6  7  8  9 |
---------------+----------------------------+-----
Slings         | 6 7 8 9 10 11 | 11.9
Fighting       | 2 3 4 5 |  5.1
Stealth        | 2 3 4 5 6 |  6.3
Dodging        | 3 4 5 6 |  6.1

Action                   |  1- 3 |  4- 6 |  7- 9 || total
-------------------------+-------+-------+-------++-------
Melee: Short sword       |    65 |       |       ||    65
       Dagger            |       |   171 |   239 ||   410
 Fire: Hunting sling     |    78 |   173 |   273 ||   524
Throw: Stone             |       |       |     6 ||     6
  Use: Scroll            |       |     3 |     7 ||    10
       Potion            |       |       |     3 ||     3
 Stab: Sleeping          |       |       |     1 ||     1
  Eat: Chunk             |       |     7 |    10 ||    17
Armor: Leather armour    |    12 |     2 |    57 ||    71
       Ring mail         |    14 |    18 |       ||    32
       Scale mail        |       |    55 |       ||    55
Dodge: Dodged            |    76 |   169 |   261 ||   506

Table legend:
 A = Non-vault XP
 B = Vault XP
 C = Vault XP percentage of total XP
 D = Non-vault monster count
 E = Vault monster count
 F = Vault count percentage of total count
                 A         B        C        D         E       F
            +---------+---------+-------+---------+---------+-------
      Total |    2563 |     352 |  12.1 |     132 |      38 |  22.4
            +---------+---------+-------+---------+---------+-------
        D:1 |      47 |      12 |  20.3 |      22 |       7 |  24.1
        D:2 |     107 |      32 |  23.0 |      27 |      10 |  27.0
        D:3 |      54 |      36 |  40.0 |      23 |      11 |  32.4
        D:4 |     367 |      35 |   8.7 |      17 |       1 |   5.6
        D:5 |     317 |      65 |  17.0 |      10 |       8 |  44.4
        D:6 |    1146 |       0 |   0.0 |      20 |       0 |   0.0
        D:7 |     525 |     172 |  24.7 |      13 |       1 |   7.1
            +---------+---------+-------+---------+---------+-------
